 Dungeon Crawl Stone Soup version 0.31.0-11-ge490571c62 (webtiles) character file.

Game seed: 12887829140441722380

59 qw the Shooter (level 3, 0/20 HPs)
             Began as a Deep Elf Hunter on Feb 4, 2024.
             Slain by a goblin
             ... wielding a +0 club
             ... led by Robin
              (3 damage)
             ... on level 2 of the Dungeon.
             The game lasted 00:00:02 (829 turns).

qw the Shooter (Deep Elf Hunter)                     Turns: 829, Time: 00:00:03

Health: 0/20       AC:  3    Str: 10    XL:     3   Next: 78%
Magic:  5/5        EV: 12    Int: 13    God:
Gold:   35         SH:  0    Dex: 18    Spells: 2/2 levels left

rFire   . . .        a - +0 shortbow
rCold   . . .        (shield currently unavailable)
rNeg    . . .        c - +0 leather armour
rPois   .            (no helmet)
rElec   .            (no cloak)
rCorr   .            (no gloves)
SInv    +            (no boots)
Will    .....        (no amulet)
Stlth   ++           e - ring of see invisible
HPRegen 0.23/turn    (no ring)
MPRegen 0.09/turn

%: no passive effects
@: no status effects
A: no striking features
a: no special abilities


You were on level 2 of the Dungeon.
You visited 1 branch of the dungeon, and saw 2 of its levels.

You collected 35 gold pieces.


   Skills:
 - Level 1.5 Fighting
 + Level 7.3 Ranged Weapons
 - Level 2.4 Dodging
 - Level 1.2 Stealth


You had 2 spell levels left.
You didn't know any spells.
Your spell library was empty.

Inventory:

Hand Weapons
 a - a +0 shortbow (weapon)
Armour
 c - a +0 leather armour (worn)
Jewellery
 e - a ring of see invisible (left hand)
Scrolls
 j - a scroll of identify

Dungeon Overview and Level Annotations

Branches:
Dungeon (2/15)

Altars:


Message History

The goblin misses you. Robin throws the goblin at you!
The goblin barely misses you.
Your Ranged Weapons skill increases to level 7!
You shoot an arrow. The arrow hits the goblin!
You kill the goblin!
The goblin hits you but does no damage. The goblin hits you with a +0 club.
You shoot an arrow. The arrow misses the goblin.
The arrow hits Robin.
Robin is severely wounded.
The goblin misses you. The goblin hits you with a +0 club.
The goblin hits you with a +0 dagger.
You shoot an arrow. The arrow closely misses the goblin.
The arrow hits the hobgoblin.
The hobgoblin is heavily wounded.
The goblin barely misses you. The goblin closely misses you.
The goblin hits you with a +0 dagger. The goblin barely misses you. x2
The goblin misses you.
You shoot an arrow. The arrow barely misses the goblin.
The arrow hits the hobgoblin.
You kill the hobgoblin!
The goblin hits you but does no damage. x2; The goblin hits you with a +0 club.
You shoot an arrow. The arrow closely misses the goblin.
The goblin closely misses you. x2; The goblin hits you but does no damage.
You shoot an arrow. The arrow hits the goblin!
You kill the goblin!
Robin throws the goblin at you! The goblin barely misses you.
The goblin closely misses you. The goblin barely misses you.
You shoot an arrow. The arrow closely misses the goblin.
The goblin misses you. The goblin closely misses you. x2
You shoot an arrow. The arrow barely misses Robin.
The goblin no longer looks unusually strong. x2
The goblin barely misses you. Robin barely misses you.
The goblin hits you with a +0 club. The goblin hits you but does no damage.
You shoot an arrow. The arrow hits Robin.
You kill Robin!
The goblin hits you with a +0 club. x3
You shoot an arrow. The arrow hits the goblin.
The goblin is heavily wounded.
The goblin hits you with a +0 club. The goblin barely misses you.
The goblin hits you with a +0 club.
You die...

###### ##....#
### ##.....#
##...##......#
#.....gg..####
.......g@###
#.......#)......
#.......#.......
..(....##..).)..
.#..... .......
....... .......
....... .>..%..
..... .......


You could see 3 goblins.

Vanquished Creatures
  Robin (D:2)
  5 endoplasms
  A giant cockroach (D:1)
  8 goblins
  7 hobgoblins
  8 jackals (D:1)
  3 ball pythons (D:1)
  2 bats (D:1)
  2 frilled lizards (D:1)
  2 kobolds (D:1)
  2 rats (D:1)
41 creatures vanquished.

Notes
Turn   | Place    | Note
-------+----------+-------------------------------------------
     0 | D:1      | qw the Deep Elf Hunter began the quest for the Orb.
     0 | D:1      | Reached XP level 1. HP: 12/12 MP: 3/3
     0 | D:1      | 0 ||| qw: Version: 0.3-a-160-g6735b56
     0 | D:1      | 0 ||| qw: Game counter: 5151
     0 | D:1      | 0 ||| qw: Melee chars always use a shield: true
     0 | D:1      | 0 ||| qw: God list: Okawaru
     0 | D:1      | 0 ||| qw: Allow faded altars: false
     0 | D:1      | 0 ||| qw: Do Orc after clearing Dungeon:15 true
     0 | D:1      | 0 ||| qw: Do second Lair branch before Depths: true
     0 | D:1      | 0 ||| qw: Lair rune preference: random
     0 | D:1      | 0 ||| qw: Goals: Normal
     0 | D:1      | 0 ||| PLANNING D:1-11
   137 | D:1      | Reached skill level 6 in Ranged Weapons
   137 | D:1      | Reached XP level 2. HP: 16/16 MP: 4/4
   500 | D:1      | Reached XP level 3. HP: 20/20 MP: 5/5
   731 | D:1      | 731 ||| UPGRADING to ring of see invisible.
   732 | D:1      | 732 ||| READING scroll labelled YMUXTE PACEENIR.
   733 | D:1      | 733 ||| READING scroll labelled DUXOOGGUPN.
   738 | D:1      | 738 ||| READING scroll labelled SUAGUA EFFUU.
   739 | D:1      | 739 ||| READING scroll labelled HEL WAINOZYPS.
   774 | D:1      | 774 ||| READING scroll labelled GIPOCO MOUPTO.
   774 | D:1      | 774 ||| ENCHANTING +0 shortbow.
   775 | D:1      | 775 ||| READING 2 scrolls labelled OCOSCH ON KAUST.
   776 | D:1      | 776 ||| DROPPING scroll of butterflies.
   811 | D:2      | Noticed Robin
   820 | D:2      | Reached skill level 7 in Ranged Weapons
   828 | D:2      | Killed Robin
   828 | D:2      | HP: 5/20 [goblin/+0 club[Robin] (2)]
   829 | D:2      | Slain by a goblin

Levels and vault maps discovered:
D:1:      dpeg_arrival_stone_temple_mockup, layout_loops_cross,
          serial_bayou_lake_a
D:2:      layout_rooms, minmay_between, uniq_robin

Skill      XL: |  1  2  3 |
---------------+----------+-----
Ranged Weapons | 6 7 |  7.3
Fighting       | |  1.5
Dodging        | |  2.4
Stealth        | |  1.2

Action                     || total
---------------------------++-------
   Fire: Shortbow          ||   102
    Use: Scroll            ||     6
 Armour: Leather armour    ||    40
  Dodge: Dodged            ||    46

Table legend:
 A = Non-vault XP
 B = Vault XP
 C = Vault XP percentage of total XP
 D = Non-vault monster count
 E = Vault monster count
 F = Vault count percentage of total count
                 A         B        C        D         E       F
            +---------+---------+-------+---------+---------+-------
      Total |      57 |      28 |  32.9 |      33 |       8 |  19.5
            +---------+---------+-------+---------+---------+-------
        D:1 |      53 |       0 |   0.0 |      31 |       0 |   0.0
        D:2 |       4 |      28 |  87.5 |       2 |       8 |  80.0
            +---------+---------+-------+---------+---------+-------
